 Dungeon Crawl Stone Soup version 0.24.0-35-gdb84b6a5db (webtiles) character file.

Game seed: 2907988077604766453, levelgen mode: deterministic

416 KarmaPolice the Sneak (level 6, -2/33 HPs)
             Began as a Vine Stalker Assassin on Nov 20, 2019.
             Killed from afar by an orc wizard (7 damage)
             ... with a magic dart
             ... on level 3 of the Dungeon.
             The game lasted 00:08:47 (2766 turns).

KarmaPolice the Sneak (Vine Stalker Assassin)       Turns: 2766, Time: 00:08:48

Health: -2/33      AC:  3    Str: 16    XL:     6   Next: 92%
Magic:  0/7        EV: 11    Int: 11    God:
Gold:   231        SH:  0    Dex: 15    Spells: 5/5 levels left

rFire    . . .     SeeInvis .   a - +2 dagger
rCold    . . .     Gourm    .   (no shield)
rNeg     . . .     Faith    .   b - +0 robe
rPois    .         Spirit   +   (no helmet)
rElec    .         Reflect  .   c - +0 cloak
rCorr    .         Harm     .   (no gloves)
MR       .....                  (no boots)
Stlth    +++.......             (no amulet)
HPRegen  0.51/turn              (no ring)
MPRegen  0.10/turn              (no ring)

@: no status effects
A: fangs 2, regeneration 1, magic shield, antimagic bite, no potion heal 3, rot
immunity
a: no special abilities


You were on level 3 of the Dungeon.
You were not hungry.

You visited 1 branch of the dungeon, and saw 3 of its levels.

You collected 231 gold pieces.

Inventory:

Hand Weapons
 a - a +2 dagger (weapon)
 n - a cursed -3 hand axe
 u - a +0 flail of holy wrath
Missiles
 d - 3 poisoned darts (quivered)
 e - 2 curare-tipped darts
Armour
 b - a +0 robe (worn)
 c - a +0 cloak (worn)
Jewellery
 k - a +2 amulet of reflection {unknown}
 v - a +4 ring of strength {unknown}
 w - an uncursed ring of protection from cold {unknown}
Scrolls
 h - 2 scrolls of identify
 i - 2 scrolls of magic mapping
 j - 5 scrolls of teleportation
 l - a scroll of amnesia {unknown}
 o - a scroll of fear {unknown}
 q - a scroll of random uselessness {unknown}
 t - a scroll of remove curse {unknown}
Potions
 m - a potion of lignification {unknown}
 p - a potion of flight {unknown}
 r - 2 potions of heal wounds {unknown}
 s - a potion of degeneration {unknown}
Comestibles
 f - 8 rations
 g - 14 chunks of flesh


   Skills:
 + Level 3.7 Fighting
 - Level 2.1 Short Blades
 + Level 2.8 Axes
 + Level 2.8 Throwing
 - Level 0.7 Dodging
 + Level 6.8 Stealth


You had 5 spell levels left.
You didn't know any spells.
Your spell library was empty.

Dungeon Overview and Level Annotations

Branches:
Dungeon (3/15)

Altars:


Innate Abilities, Weirdness & Mutations

You have extremely sharp teeth.
Your natural rate of healing is unusually fast.
When hurt, damage is shared between your health and your magic reserves.
Your bite disrupts and absorbs the magic of your enemies.
Potions cannot restore your health.
You are immune to rotting.


Message History

You throw a poisoned dart. The poisoned dart hits the orc wizard.
The orc wizard is poisoned.
The orc wizard is heavily wounded.
The orc wizard hits you with a +0 whip.
The orc wizard points at you and mumbles some strange words.
The magic dart hits you.
* * * LOW HITPOINT WARNING * * *
Throwing (i - inventory. (/) - cycle)
d - 4 poisoned darts (quivered)
Press: ? - help, Shift-Dir - straight line, f/p - orc wizard
Aim: an orc wizard, wielding a +0 whip and wearing a +0 robe (heavily wounded, fast, poisoned)
You throw a poisoned dart. The poisoned dart hits the orc wizard!
The orc wizard looks even sicker.
The orc wizard is heavily wounded.
The orc wizard hits you with a +0 whip!
* * * LOW HITPOINT WARNING * * *
Unknown command.
Unknown command.
The orc wizard gestures at you while chanting.
The magic dart hits you!
You die...

#........##.##..###.#. ####
##.....#####.###..##.#. ...#
###......# ##..# ##...... ...#
##....###.###..## #####..
...#####...#.........## ##.
......................##########.
...#######.......................
...# ##.#.##...)....#####.....
...# #...).).@......#####.....
#### #[.######.o.....(........
#.(# #.....########### #..#
#.......# #.## #.......# ###
#.......# ##.....## ##...## ####


You could see an orc wizard.

Vanquished Creatures
  Sigmund (D:2)
  2 orc priests (D:3)
  2 orc wizards (D:3)
  3 adders
  An ooze (D:2)
  3 worms (D:2)
  4 dart slugs
  6 leopard geckos
  12 orcs
  4 giant cockroaches
  6 goblins
  4 hobgoblins
  4 jackals
  2 ball pythons (D:3)
  10 bats
  6 frilled lizards
  8 kobolds
  13 rats
91 creatures vanquished.

Notes
Turn   | Place    | Note
-------+----------+-------------------------------------------
     0 | D:1      | KarmaPolice the Vine Stalker Assassin began the quest for
                  | the Orb.
     0 | D:1      | Reached XP level 1. HP: 11/11 MP: 2/2
     3 | D:1      | Noticed an electric eel
     3 | D:1      | Noticed an electric eel
    67 | D:1      | Reached skill level 5 in Stealth
    67 | D:1      | Reached XP level 2. HP: 15/15 MP: 3/3
   350 | D:1      | Reached XP level 3. HP: 8/18 MP: 4/4
  1195 | D:2      | Noticed Sigmund
  1223 | D:2      | Killed Sigmund
  1223 | D:2      | Reached skill level 6 in Stealth
  1223 | D:2      | Gained mutation: Your natural rate of healing is unusually
                  | fast. [Vine Stalker growth]
  1223 | D:2      | Reached XP level 4. HP: 23/24 MP: 3/5
  1223 | D:2      | Reached XP level 5. HP: 26/28 MP: 3/6
  1331 | D:2      | Reached XP level 6. HP: 32/32 MP: 7/7
  1479 | D:2      | You fall into a shaft and drop 1 floor!
  2766 | D:3      | Killed from afar by an orc wizard

Levels and vault maps discovered:
D:1:      arrival_aquarium_b, layout_loops_corners, minmay_hedge_maze,
          minmay_misc_feat_pillars, minmay_pentomino_q4
D:2:      layout_loops_corners, uniq_sigmund
D:3:      layout_rooms

Skill      XL: |  1  2  3 |
---------------+----------+-----
Fighting       | 2 3 |  3.7
Stealth        | 5 6 |  6.8
Short Blades   | 2 |  2.1
Throwing       | 2 |  2.8
Axes           | 2 |  2.8
Dodging        | |  0.7

Action                   |  1- 3 |  4- 6 || total
-------------------------+-------+-------++-------
Melee: Dagger            |    90 |   142 ||   232
       Bite              |    20 |    39 ||    59
Throw: Dart              |     9 |    13 ||    22
  Use: Scroll            |       |     2 ||     2
 Stab: Sleeping          |    16 |     7 ||    23
       Distracted        |       |     2 ||     2
  Eat: Chunk             |     1 |     5 ||     6
Armor: Robe              |    30 |    22 ||    52
Dodge: Dodged            |    57 |    81 ||   138
